AoeStats
← timmy_turner

Golden Pit

510224481Analyzed
1v1 RM · 3d ago on Sep 30, 2026· 30m 14s· 2 players
Game mode
Random Map
Map size
Tiny (2 player)
Population
200
Speed
Normal
Resources
Standard
Victory
Conquest
Starting age
Dark Age
Ending age
Imperial Age
RankedLock teamsTeams togetherTeam positionsShared explorationLock speedFull tech treeHidden civsTurbo modeCheats
Victory
Defeat
🇺🇸 Japanese · United States
1608
+16
🇹🇼 Bohemians · Taiwan
1600
-16
江姆鴨
8:18 Loom
10:03 Feudal Age
12:23 Double-Bit Axe
12:20 Horse Collar
14:26 Fletching
21:29 Wheelbarrow
22:27 Padded Archer Armor
26:07 Castle Age
26:47 Bodkin Arrow
28:31 Crossbowman
timmy_turner
7:05 Loom
9:17 Feudal Age
9:19 Man-at-Arms
9:45 Double-Bit Axe
12:31 Arson
13:53 Horse Collar
15:09 Fletching
15:52 Padded Archer Armor
22:07 Castle Age
20:47 Gold Mining
21:02 Scale Mail Armor
22:23 Forging
22:10 Long Swordsman
22:36 Gambesons
23:15 Squires
23:57 Bodkin Arrow
25:03 Chain Mail Armor
25:49 Leather Archer Armor
29:57 Wheelbarrow
29:57 Town Watch
Connection lost

Rejoining the realm…

Still unreachable

The connection could not be restored.

Session expired

The server has moved on; the page needs a fresh start.